 Dungeon Crawl Stone Soup version bcrawl-1.18.1 (webtiles) character file.

Game seed: 7254685790274461911

107 Gremour the Sneak (level 4, -5/35 HPs)
             Began as a Vampire Skald on Nov 11, 2019.
             Slain by an orc
             ... wielding a +0 mace of distortion
              (21 damage)
             ... on level 3 of the Dungeon.
             The game lasted 00:17:17 (1724 turns).

Gremour the Sneak (Vampire Skald)                   Turns: 1724, Time: 00:17:18

Health: -5/35      AC:  7    Str: 14    XL:     4   Next: 56%
Magic:  7/7        EV: 12    Int: 13    God:
Gold:   107        SH:  0    Dex: 13    Spells: 4/7 levels left

rFire    + . .     SeeInvis +   b - +4 short sword (drain)
rCold    + . .     Gourm    .   (no shield)
rNeg     + + .     Faith    .   t - +0 leather armour
rPois    ∞         Spirit   .   s - +1 helmet
rElec    .         Reflect  .   o - +0 cloak
rCorr    .         Harm     .   n - +0 pair of gloves
MR       .....                  (no boots)
Stlth    ++++......             (no amulet)
HPRegen  0.05/turn              c - ring of protection from fire
MPRegen  0.10/turn              (no ring)

@: regenerating slowly
A: claws 1, fangs 3, see invisible, unbreathing
a: no special abilities


You were on level 3 of the Dungeon.
You were near bloodless.

You visited 1 branch of the dungeon, and saw 3 of its levels.

You collected 107 gold pieces.

Inventory:

Hand Weapons
 a - a +0 falchion
 b - a +4 short sword of draining (weapon)
Armour
 n - a +0 pair of gloves (worn)
 o - a +0 cloak (worn)
 s - a +1 helmet (worn)
 t - a +0 leather armour (worn)
Jewellery
 c - a ring of protection from fire (left hand)
Scrolls
 d - 2 scrolls of fear
 h - a scroll of blinking {unknown}
 k - 2 scrolls of magic mapping {unknown}
 p - a scroll of identify {unknown}
 q - a scroll of immolation {unknown}
 r - a scroll of teleportation {unknown}
Potions
 e - 14 potions of blood
 f - 2 potions of curing {unknown}
 g - a potion of resistance {unknown}
 i - 2 potions of degeneration {unknown}
 j - a potion of agility {unknown}
 l - a potion of cancellation {unknown}
 m - 4 potions of heal wounds {unknown}


   Skills:
 * Level 3.2 Fighting
 - Level 2.4 Long Blades
 - Level 1.1 Armour
 - Level 2.1 Dodging
 * Level 4.1 Stealth
 - Level 2.1 Spellcasting
 - Level 3.5 Charms


You had 4 spell levels left.
You knew the following spells:

 Your Spells              Type           Power        Failure   Level  Hunger
s - Song of Slaying       Chrm           ##......     11%         2    ###....
z - Infusion              Chrm           ##......     7%          1    ##.....

Your spell library contained the following spells:

 Spells                   Type           Power        Failure   Level  Hunger
 Ozocubu's Armour         Chrm/Ice       #.......     41%         3    ####...
 Regeneration             Chrm/Necr      #.........   41%         3    ####...
 Spectral Weapon          Hex/Chrm       #.......     41%         3    ####...


Dungeon Overview and Level Annotations

Branches:
Dungeon (3/12)

Altars:


Innate Abilities, Weirdness & Mutations

You heal slowly.
You are immune to poison.
You have sharp fingernails.
You have razor-sharp teeth.
You have supernaturally acute eyesight. (SInv)
You can survive without breathing.


Message History

The orc closely misses you.
You hit the orc but do no damage. The orc hits you but does no damage.
You closely miss the orc. The orc misses you.
You hit the orc. You drain the orc.
You kill the orc!
You hit the orc. You drain the orc.
You kill the orc!
You closely miss the orc. The orc misses you.
You hit the orc. You drain the orc.
You kill the orc!
You hit the orc. You drain the orc. Your bite misses the orc.
The orc is severely wounded.
The orc hits you with a +0 mace of distortion!
Space bends around you.
You completely miss the orc. You bite the orc.
You draw the orc's blood!
You feel better.
You feel slightly less thirsty.
The orc is almost dead.
The orc hits you but does no damage. Space warps horribly around you!!
Ouch! That really hurt!
You die...

#....).# #......# #......#
#......# ######...(..#
######### #...........#
#.......# #.####.###'##
#.......#####.####.###.###
#.....>.'@o.....†.........
#.......####..####.###.###
#.......# #..o...#.# #.#
#.......# #......#.# #.#
#.......# #......#.# #.#
#.......# ##..####.# #..
######### #..# #.# ###
#..# #.# #..#


You could see an orc.

Vanquished Creatures
  2 adders (D:2)
  A worm (D:2)
  3 dart slugs
  4 leopard geckos
  8 orcs
  A ball python (D:2)
  7 bats
  4 giant cockroaches
  5 goblins
  7 hobgoblins
  5 jackals
  A quokka (D:2)
  9 kobolds
  2 rats (D:2)
59 creatures vanquished.

Notes
Turn   | Place    | Note
-------+----------+-------------------------------------------
     0 | D:1      | Gremour the Vampire Skald began the quest for the Orb.
     0 | D:1      | Reached XP level 1. HP: 16/16 MP: 3/3
    69 | D:1      | Reached skill level 1 in Armour
   137 | D:1      | Reached XP level 2. HP: 22/22 MP: 5/5
   167 | D:1      | Reached skill level 1 in Stealth
   337 | D:1      | Reached skill level 2 in Stealth
   351 | D:1      | Reached XP level 3. HP: 20/28 MP: 6/6
   795 | D:2      | Learned a level 2 spell: Song of Slaying
   889 | D:2      | Reached skill level 3 in Stealth
   943 | D:2      | Reached XP level 4. HP: 33/34 MP: 3/7
  1714 | D:3      | Reached skill level 4 in Stealth
  1724 | D:3      | Slain by an orc

Skill      XL: |  1  2  3  4 |
---------------+-------------+-----
Armour         | 1 |  1.1
Stealth        | 2 3 4 |  4.1
Fighting       | 2 3 |  3.2
Long Blades    | |  2.4
Dodging        | |  2.1
Spellcasting   | |  2.1
Charms         | |  3.5

Action                   |  1- 3 |  4- 6 || total
-------------------------+-------+-------++-------
Melee: Falchion          |   155 |    46 ||   201
       Bite              |    10 |     4 ||    14
       Short sword       |       |    17 ||    17
 Cast: Infusion          |     3 |     2 ||     5
 Stab: Sleeping          |     6 |     7 ||    13
Armor: Leather armour    |    48 |    13 ||    61
Dodge: Dodged            |    94 |    32 ||   126
